 Dungeon Crawl Stone Soup version 0.17-a0-1951-g62301d3 (webtiles) character file.

74 truemonolith the Magician (level 4, -2/24 HPs)
             Began as a Deep Elf Conjurer on Oct 2, 2015.
             Slain by Natasha (5 damage)
             ... on level 2 of the Dungeon.
             The game lasted 00:09:44 (1817 turns).

truemonolith the Magician (Deep Elf Conjurer)       Turns: 1817, Time: 00:09:44

Health: -2/24      AC:  4    Str:  5    XL:     4   Next: 9%
Magic:  0/13       EV: 13    Int: 26    God:
Gold:   84         SH:  0    Dex: 15    Spells: 2 memorised, 10 levels left

rFire  . . .     SeeInvis .     (no weapon)
rCold  . . .     Clarity  .     a - +0 robe
rNeg   . . .     SustAt   .     (no shield)
rPois  .         Gourm    .     j - +0 helmet
rElec  .         Spirit   .     m - +0 cloak
rCorr  .         Warding  .     (no gloves)
rMut   .         Rnd*Tele +     (no boots)
MR     +....                    (no amulet)
Stlth  ++........               h - ring of teleportation (curse)
                                e - ring of protection from magic

@: brilliant, somewhat resistant to hostile enchantments, unstealthy
A: no striking features
a: Evoke Teleportation


You were on level 2 of the Dungeon.
You were not hungry.

You visited 1 branch of the dungeon, and saw 3 of its levels.

You collected 84 gold pieces.

Inventory:

Armour
 a - a +0 robe (worn)
 j - a +0 helmet (worn)
 m - a +0 cloak (worn)
Jewellery
 e - a ring of protection from magic (left hand)
 h - a cursed ring of teleportation (right hand)
Scrolls
 d - a scroll of noise
 o - a scroll of identify
Potions
 k - a potion of curing {unknown}
 l - a potion of flight {unknown}
 n - a potion of agility {unknown}
Books
 b - a book of Conjurations

   Spells                             Type                      Level
   a - Magic Dart                     Conjuration                  1
   b - Searing Ray                    Conjuration                  2
   c - Dazzling Spray                 Conjuration/Hexes            3
   d - Fulminant Prism                Conjuration/Hexes            4
   e - Iskenderun's Mystic Blast      Conjuration                  4
   f - Iskenderun's Battlesphere      Conjuration/Charms           5
Comestibles
 c - 2 bread rations
 f - a meat ration
 g - a slice of pizza
 p - a beef jerky


   Skills:
 - Level 2.5 Dodging
 - Level 2.4 Stealth
 + Level 5.6 Spellcasting
 - Level 4.6 Conjurations


You had 10 spell levels left.
You knew the following spells:

 Your Spells              Type           Power        Failure   Level  Hunger
a - Magic Dart            Conj           ####         1%          1    None
b - Dazzling Spray        Conj/Hex       ####....     1%          3    #......


Dungeon Overview and Level Annotations

Branches:
Dungeon (3/15)

Altars:
Sif Muna

Annotations:
D:2 Natasha
D:3 Ijyb, Jessica


Message History

Natasha is almost dead.
Natasha is no longer blind.
Natasha mumbles some strange words.
Casting: Magic Dart
Confirm with . or Enter, or press ? or * to list all spells.
Aiming: Magic Dart
Press: ? - help, Shift-Dir - straight line, f/p - Natasha
Aim: Natasha (almost dead)
The magic dart hits Natasha.
Natasha is almost dead.
Natasha claws you.
* * * LOW HITPOINT WARNING * * *
The crimson imp misses you. Natasha claws you but does no damage.
The crimson imp blinks!
You climb upwards.
There is a stone staircase leading down here.
It was a potion of brilliance.
You feel clever all of a sudden. Natasha claws you.
You die...

.........#######
..######.......# ..#
#########.#
..####...#####.# ####
...............# ##..##
.............##### #....#
....##....[#.....### #....#
##..###......###...###....#
#......#.......@.........#
##........##.####h####....#
........####......#....)..#
#.....#.# #..#.....##....#
#.###<>.####..).....##..<.#
..# ##.......##.....###..##
### ###......##.....# ####
# #...####..#.....# #.#.#
##..######


You could see Natasha.

Vanquished Creatures
  2 adders
  A shadow imp (D:3)
  5 giant geckos
  A ball python (D:2)
  5 bats
  9 hobgoblins
  4 quokkas
  2 giant cockroaches
  2 giant newts
  A goblin (D:2)
  4 kobolds
  8 rats
44 creatures vanquished.

Notes
Turn   | Place    | Note
--------------------------------------------------------------
     0 | D:1      | truemonolith the Deep Elf Conjurer began the quest for the Orb.
     0 | D:1      | Reached XP level 1. HP: 10/10 MP: 6/6
   193 | D:1      | Reached XP level 2. HP: 15/15 MP: 0/8
   728 | D:2      | Reached XP level 3. HP: 19/19 MP: 7/10
   912 | D:2      | Learned a level 3 spell: Dazzling Spray
  1038 | D:2      | Reached skill level 5 in Spellcasting
  1460 | D:2      | Found a deep blue altar of Sif Muna.
  1571 | D:3      | Noticed Natasha
  1651 | D:3      | Reached XP level 4. HP: 22/24 MP: 9/13
  1661 | D:3      | Noticed Ijyb
  1663 | D:3      | Noticed Jessica
  1817 | D:2      | Slain by Natasha

Vault maps used:
D:1:      dpeg_arrival_short_road, corner_web_ring
D:2:      lemuel_blue_sif_altar, grunt_decor_one_mirror, minivault_25
D:3:      tgw_xom, minmay_misc_feat_encased, uniq_jessica, uniq_iyjb,
          uniq_natasha

Action                   |  1- 3 |  4- 6 || total
-------------------------+-------+-------++-------
Melee: Unarmed           |     1 |       ||     1
 Cast: Magic Dart        |    83 |     8 ||    91
       Dazzling Spray    |       |     7 ||     7
  Use: Scroll            |     4 |       ||     4
       Potion            |       |     1 ||     1
  Eat: Bread ration      |     1 |       ||     1
